 Dungeon Crawl Stone Soup version 0.22-a0-467-g5c5de1c (webtiles) character file.

93 iamserjio the Insei (level 4, 0/31 HPs)
             Began as an Octopode Monk on June 10, 2018.
             Killed by divine providence
             ... invoked by an orc priest
              (12 damage)
             ... on level 3 of the Dungeon.
             The game lasted 00:04:00 (2315 turns).

iamserjio the Insei (Octopode Monk)                 Turns: 2315, Time: 00:04:00

Health: 0/31       AC:  1    Str: 10    XL:     4   Next: 62%
Magic:  4/4        EV: 15    Int: 12    God:
Gold:   111        SH:  0    Dex: 15    Spells: 3/3 levels left

rFire    . . .     SeeInvis .     - Unarmed
rCold    . . .     Gourm    .   (no shield)
rNeg     . . .     Faith    .   (helmet restricted)
rPois    .         Spirit   .   (no amulet)
rElec    .         Reflect  .   (no ring)
rCorr    .         Harm     .   (no ring)
MR       .....                  (no ring)
Stlth    ++++......             (no ring)
HPRegen  0.10/turn              (no ring)
MPRegen  0.09/turn              (no ring)
                                (no ring)
                                (no ring)

@: no status effects
A: almost no armour, stealthy swim, amphibious, 8 rings, constrict 8, camouflage
1, gelatinous body 1
a: no special abilities


You were on level 3 of the Dungeon.
You were very hungry.

You visited 1 branch of the dungeon, and saw 3 of its levels.

You collected 111 gold pieces.

Inventory:

Hand Weapons
 l - a +7 club
Missiles
 c - 61 stones (quivered)
Jewellery
 d - a cursed ring of teleportation {unknown}
 h - an uncursed ring of magical power {unknown}
Scrolls
 b - a scroll of teleportation {unknown}
 e - a scroll of enchant weapon {unknown}
 g - a scroll of amnesia {unknown}
 i - 3 scrolls of identify {unknown}
 j - a scroll of noise {unknown}
Potions
 f - 2 potions of brilliance {unknown}
 m - a potion of magic {unknown}
Comestibles
 a - 9 rations


   Skills:
 - Level 3.0 Fighting
 + Level 3.6 Dodging
 + Level 4.0 Stealth
 * Level 4.2 Unarmed Combat


You had 3 spell levels left.
You didn't know any spells.
Your spell library was empty.

Dungeon Overview and Level Annotations

Branches:
Dungeon (3/15)

Altars:
Ashenzari


Innate Abilities, Weirdness & Mutations

You cannot wear most types of armour.
You are very stealthy in the water. (Stealth+)
You are amphibious.
You can wear up to eight rings at the same time.
You can use your tentacles to constrict eight enemies at once.
Your skin changes colour to match your surroundings (Stealth+).
Your rubbery body absorbs attacks. (AC +1, EV +1)


Message History

The hobgoblin closely misses you.
You tentacle-slap the hobgoblin.
You kill the hobgoblin!
The orc wizard mumbles some strange words.
The orc wizard seems to speed up.
You tentacle-slap the orc priest. You grab the orc priest.
The orc priest is lightly wounded.
You constrict the orc priest, but do no damage.
The orc wizard casts a cantrip, but nothing happens.
The orc priest hits you with a mace.
You are too injured to fight recklessly!
You are too injured to fight recklessly!
You are too injured to fight recklessly!
You release your grip on the orc priest.
The orc wizard gestures wildly while chanting.
The orc wizard flickers and vanishes!
Deactivating autopickup; reactivate with Ctrl-A.
The orc priest mumbles some strange prayers to Beogh against you.
Beogh smites you!
You die...

.## .... .... ...#
....########## ....#
........#...###....#
..#...........#.....
####. #......{.....#
### ....
#......o.@<..#....
#.)##..............#
####.........o.......##
.................#.###
...........##..##..###
.....)......##........
............#.......###
...................##
......?.......#.##.#


You could see an orc priest and an orc.

Vanquished Creatures
  Jessica (D:2)
  A shadow imp (D:3)
  A worm (D:2)
  A dart slug (D:1)
  2 leopard geckos (D:2)
  4 bats
  2 giant cockroaches (D:2)
  7 goblins
  7 hobgoblins
  10 jackals (D:2)
  3 kobolds
  A quokka (D:3)
  4 frilled lizards
  A rat (D:1)
45 creatures vanquished.

Notes
Turn   | Place    | Note
-------+----------+-------------------------------------------
     0 | D:1      | iamserjio the Octopode Monk began the quest for the Orb.
     0 | D:1      | Reached XP level 1. HP: 16/16 MP: 1/1
   361 | D:1      | Reached XP level 2. HP: 21/21 MP: 2/2
  1179 | D:2      | Reached XP level 3. HP: 26/26 MP: 3/3
  1530 | D:2      | Noticed Jessica
  1536 | D:2      | Killed Jessica
  1536 | D:2      | Reached XP level 4. HP: 24/31 MP: 4/4
  1985 | D:2      | Found a shattered altar of Ashenzari.
  2315 | D:3      | Killed from afar by an orc priest

Vault maps used:
D:1:      dpeg_arrival_simpleton_a, serial_forest,
          infiniplex_forest_clump_double, infiniplex_forest_corner_1,
          infiniplex_forest_end_2, infiniplex_forest_zigzag_1,
          infiniplex_forest_clump_large, infiniplex_forest_end_2,
          infiniplex_forest_straight_2
D:2:      ashenzari_altar_1, uniq_jessica
D:3:      cheibrodos_old_hovel

Skill      XL: |  1  2  3  4 |
---------------+-------------+-----
Stealth        | 3 4 |  4.0
Unarmed Combat | 4 |  4.2
Fighting       | |  3.0
Dodging        | |  3.6

Action                   |  1- 3 |  4- 6 || total
-------------------------+-------+-------++-------
Melee: Unarmed           |    57 |    33 ||    90
       Constrict         |    15 |     7 ||    22
       Punch             |     5 |       ||     5
       Tentacles         |     6 |     8 ||    14
 Stab: Sleeping          |     8 |     6 ||    14
  Eat: Chunk             |     1 |     2 ||     3
Armor: Skin              |     3 |     1 ||     4
Dodge: Dodged            |    34 |    15 ||    49

Table legend:
 A = Spawn XP
 B = Non-spawn XP
 C = Spawn XP percentage of total XP
 D = Spawn monster count
 E = Non-spawn monster count
 F = Spawn count percentage of total count
 G = Total turns spent on level
                    A         B        C        D         E        F      G
               +---------+---------+-------+---------+---------+-------+---------
         Total |       0 |     134 |   0.0 |       0 |      45 |   0.0 |  2315
               +---------+---------+-------+---------+---------+-------+---------
           D:1 |       0 |      29 |   0.0 |       0 |      15 |   0.0 |  1168
           D:2 |       0 |      88 |   0.0 |       0 |      26 |   0.0 |  1110
           D:3 |       0 |      17 |   0.0 |       0 |       4 |   0.0 |    37
               +---------+---------+-------+---------+---------+-------+---------
